 Dungeon Crawl Stone Soup version 0.28.0-53-g5a82cb258f (webtiles) character file.

Game seed: 12648369240834971012

64 KamiKatze the Conjurer (level 4, -4/27 HPs)
             Began as an Octopode Conjurer on May 29, 2022.
             Slain by a gnoll
             ... wielding a +0 spear
              (9 damage)
             ... on level 2 of the Dungeon.
             The game lasted 00:05:52 (1609 turns).

KamiKatze the Conjurer (Octopode Conjurer)          Turns: 1609, Time: 00:05:52

Health: -4/27      AC:  1    Str:  6    XL:     4   Next: 12%
Magic:  7/7        EV: 13    Int: 22    God:
Gold:   92         SH:  0    Dex: 10    Spells: 1/8 levels left

rFire   . . .      SeeInvis .   f - +3 short sword
rCold   + . .      Faith    .   (no shield)
rNeg    . . .      Spirit   .   (helmet restricted)
rPois   .          Reflect  .   (no amulet)
rElec   .          Harm     .   e - ring of protection from cold
rCorr   .          Rampage  .   (no ring)
Will    .....                   (no ring)
Stlth   +++.......              (no ring)
HPRegen 0.09/turn               (no ring)
MPRegen 0.10/turn               (no ring)
                                (no ring)
                                (no ring)

@: no status effects
A: almost no armour, amphibious, 8 rings, camouflage 1, gelatinous body 1,
(nimble swimmer 1), tentacles
a: no special abilities


You were on level 2 of the Dungeon.
You visited 1 branch of the dungeon, and saw 3 of its levels.

You collected 92 gold pieces.

Inventory:

Hand Weapons
 b - a +0 dagger
 f - a +3 short sword (weapon)
Missiles
 c - 91 stones
 d - 2 poisoned darts (quivered)
Jewellery
 e - a ring of protection from cold (left tentacle)
Scrolls
 a - a scroll of identify
 g - a scroll of silence {unknown}
 j - a scroll of fear {unknown}
Potions
 h - a potion of mutation
 i - a potion of magic {unknown}


   Skills:
 + Level 2.3 Dodging
 - Level 3.0 Stealth
 * Level 2.5 Spellcasting
 * Level 4.3 Conjurations
 * Level 1.4 Hexes
 * Level 1.4 Translocations


You had one spell level left.
You knew the following spells:

 Your Spells              Type           Power      Damage    Failure   Level
a - Magic Dart            Conj           84%        1d7       2%          1
b - Searing Ray           Conj           42%        2d6       3%          2
c - Fulminant Prism       Conj/Hex       7%         3d7       36%         4

Your spell library contained the following spells:

 Spells                   Type           Power      Damage    Failure   Level
 Dazzling Flash           Conj/Hex       30%        N/A       12%         3
 Iskenderun's Mystic Bla  Conj/Tloc      15%        2d5       38%         4


Dungeon Overview and Level Annotations

Branches:
Dungeon (3/15)

Altars:


Innate Abilities, Weirdness & Mutations

You cannot wear most types of armour.
You are amphibious.
You can wear up to eight rings at the same time.
Your skin changes colour to match your surroundings (Stealth+).
Your rubbery body absorbs attacks. (AC +1, EV +1)
((You are camouflaged when in or above water. (Stealth+)))
You have tentacles for arms and can constrict up to eight enemies at once.


Message History

The dart slug is almost dead.
Casting: Magic Dart (safe; 2% risk of failure)
Confirm with . or Enter, or press ? or * to list all spells.
Aiming: Magic Dart (safe; 2% risk of failure)
Press: ? - help, Shift-Dir - straight line, f/p - dart slug
Aim: a dart slug (almost dead, 100% to hit)
The magic dart hits the dart slug.
You kill the dart slug!
You start resting.
Magic restored.
HP restored.
Found a stone staircase leading down.
There is a stone staircase leading down here.
Done exploring.
Done exploring.
There's nothing to close nearby.
Unknown command.
There is a stone staircase leading down here.
You climb downwards.
Found a club.
Found a stone staircase leading down.
There is a stone staircase leading up here.
Unknown command.
The helpless gnoll fails to defend itself.
You hit the gnoll. Your grab misses the gnoll.
The gnoll is moderately wounded.
The gnoll completely misses you.
Unknown command.
The gnoll shouts! x2; The gnoll sergeant shouts!
You hear an angry hiss.
The gnoll hits you with a +0 spear!
The gnoll sergeant hits you from afar with a +0 spear!
* * * LOW HITPOINT WARNING * * *
The gnoll hits you with a +0 spear.
* * * LOW HITPOINT WARNING * * *
You climb upwards.
There is a stone staircase leading down here.
As you read the scroll labelled TOATWE DETE, it crumbles to dust.
It is a scroll of identify.
h - a potion of mutation The gnoll hits you with a +0 spear!
You die...

### #########.##
...........#
#########.#########
#......g@.#
################g#
#......).....# #.#
#.##########.# #.#
#.# #.# #.# #.# #.#
#.# #)# #.# #.#
##.# #.# #.# ...#
#.# #.#


You could see 2 gnolls.

Vanquished Creatures
  Terence (D:2)
  A dart slug (D:2)
  2 endoplasms
  3 giant cockroaches
  7 goblins
  A hobgoblin (D:1)
  4 jackals (D:1)
  3 kobolds
  A quokka (D:2)
  2 ball pythons
  5 bats
  3 frilled lizards (D:1)
  6 rats
39 creatures vanquished.

Notes
Turn   | Place    | Note
-------+----------+-------------------------------------------
     0 | D:1      | KamiKatze the Octopode Conjurer began the quest for the
                  | Orb.
     0 | D:1      | Reached XP level 1. HP: 11/11 MP: 3/3
   232 | D:1      | Reached XP level 2. HP: 13/17 MP: 1/5
   297 | D:1      | Learned a level 2 spell: Searing Ray
   380 | D:1      | Found a faded altar of an unknown god.
   827 | D:2      | Reached skill level 1 in Translocations
   836 | D:2      | Reached XP level 3. HP: 21/21 MP: 2/6
  1107 | D:2      | Reached skill level 1 in Hexes
  1193 | D:2      | Noticed Terence
  1234 | D:2      | Killed Terence
  1235 | D:2      | Reached XP level 4. HP: 19/27 MP: 1/7
  1352 | D:2      | Learned a level 4 spell: Fulminant Prism
  1605 | D:3      | Noticed a gnoll sergeant
  1609 | D:2      | Slain by a gnoll

Illustrated notes

Levels and vault maps discovered:
D:1:      eino_arrival_tree_alley, layout_rooms, ebering_ecumenical_altar_box,
          minmay_cupped
D:2:      layout_loops_ring, uniq_terence
D:3:      layout_basic, bloody_makhleb, minmay_misc_feat_iff, st_stairs_8

Skill      XL: |  1  2  3 |
---------------+----------+-----
Stealth        | 3 |  3.0
Translocations | 1 |  1.4
Hexes          | 1 |  1.4
Dodging        | |  2.3
Spellcasting   | |  2.5
Conjurations   | |  4.3

Action                   |  1- 3 |  4- 6 || total
-------------------------+-------+-------++-------
Melee: Tentacles         |     3 |       ||     3
       Unarmed           |     1 |       ||     1
       Dagger            |    10 |       ||    10
       Short sword       |     9 |     2 ||    11
       Constrict         |     4 |       ||     4
 Cast: Magic Dart        |    40 |     7 ||    47
       Searing Ray       |     4 |       ||     4
  Use: Scroll            |       |     1 ||     1
 Stab: Sleeping          |     1 |     2 ||     3
       Distracted        |     1 |       ||     1
Armor: Skin              |     4 |       ||     4
Dodge: Dodged            |    25 |     1 ||    26
